 Dungeon Crawl Stone Soup version 0.21.1-1-g345015f (webtiles) character file.

599 tev the Cudgeler (level 7, 0/54 HPs)
             Began as a Demonspawn Monk on July 28, 2018.
             Was a Priest of Qazlal.
             Slain by an orc priest
             ... wielding a +0 mace of protection
              (6 damage)
             ... on level 5 of the Dungeon.
             The game lasted 00:27:01 (4568 turns).

tev the Cudgeler (Demonspawn Monk)                  Turns: 4568, Time: 00:27:02

Health: 0/54       AC:  8    Str: 13    XL:     7   Next: 17%
Magic:  9/9        EV: 10    Int: 16    God:    Qazlal [***...]
Gold:   150        SH:  3    Dex: 16    Spells: 6/6 levels left

rFire    + + .     SeeInvis .   v - +0 flail
rCold    + . .     Gourm    .   (no shield)
rNeg     . . .     Faith    .   i - +1 scale mail {MR+}
rPois    +         Spirit   .   (no helmet)
rElec    +         Reflect  .   (no cloak)
rCorr    +         Harm     .   (no gloves)
MR       +....                  q - +0 pair of boots
Stlth    ..........             (no amulet)
HPRegen  0.18/turn              (no ring)
MPRegen  0.11/turn              (no ring)

@: brilliant, resistant, drained
A: fire resistance 1, powered by death 1, flame cloud immunity
a: Upheaval, Elemental Force, Renounce Religion


You were on level 5 of the Dungeon.
You worshipped Qazlal.
Qazlal was most pleased with you.
You were not hungry.

You visited 1 branch of the dungeon, and saw 5 of its levels.

You collected 150 gold pieces.

Inventory:

Hand Weapons
 a - a +1 mace
 v - a +0 flail (weapon)
Armour
 i - a +1 scale mail of magic resistance (worn)
 q - a +0 pair of boots (worn)
Jewellery
 h - an uncursed ring of fire
 j - an uncursed ring of fire
Wands
 b - a wand of scattershot (3)
 r - a wand of paralysis (9)
 t - a wand of digging (13)
Scrolls
 k - a scroll of immolation
 l - 7 scrolls of identify
 m - 2 scrolls of remove curse
 n - 2 scrolls of enchant weapon
 o - a scroll of blinking {unknown}
 p - 2 scrolls of random uselessness
 u - a scroll of enchant armour {unknown}
Potions
 d - a potion of resistance
 e - a potion of berserk rage {unknown}
 f - a potion of lignification {unknown}
 g - a potion of brilliance
 s - a potion of magic {unknown}
Comestibles
 c - 9 rations


   Skills:
 + Level 4.0(3.3) Fighting
 * Level 5.2(4.5) Maces & Flails
 * Level 2.8(2.1) Armour
 + Level 3.5(2.8) Dodging
 - Level 1.7(1.1) Stealth
 * Level 3.5(2.8) Invocations


You had 6 spell levels left.
You didn't know any spells.

Dungeon Overview and Level Annotations

Branches:
Dungeon (5/15)
 Temple: D:4-7

Altars:
Ashenzari
Gozag
Qazlal


Innate Abilities, Weirdness & Mutations

Your flesh is heat resistant. (rF+)
You regenerate a little health from kills.
You are immune to clouds of flame.


Message History

You hit the orc priest but do no damage.
The orc priest is severely wounded.
The orc priest looks satisfied for a moment.
You hit the orc priest.
The orc priest is almost dead.
The orc priest barely misses you.
Your scale mail prevents you from hitting the orc priest.
The orc priest is almost dead.
The orc priest misses you.
You hit the orc priest but do no damage.
The orc priest is almost dead.
The orc priest hits you with a mace of protection.
* * * LOW HITPOINT WARNING * * *
You hit the orc priest but do no damage.
The orc priest is almost dead.
The orc priest looks encouraged for a moment.
It was a potion of resistance.
You feel protected.
The orc priest hits you with a mace of protection.
You die...

### ....
.....
......####
...$.oo@<#
!.....####
..... ####


You could see an orc priest and an orc.

Vanquished Creatures
  Grinder (D:3)
  A scorpion (D:4)
  An orc priest (D:4)
  3 orc wizards
  A bullfrog skeleton (D:4)
  Ijyb (D:3)
  A worker ant (D:4)
  2 gnolls (D:4)
  6 adders
  2 oozes
  A worm (D:4)
  A dart slug (D:1)
  2 leopard geckos
  18 orcs
  2 ball pythons (D:4)
  4 giant cockroaches
  6 goblins
  3 hobgoblins
  10 jackals
  6 kobolds
  3 quokkas
  7 bats
  4 frilled lizards
  A quokka zombie (D:4)
  7 rats
94 creatures vanquished.

Notes
Turn   | Place    | Note
-------+----------+-------------------------------------------
     0 | D:1      | tev the Demonspawn Monk began the quest for the Orb.
     0 | D:1      | Reached XP level 1. HP: 18/18 MP: 1/1
    61 | D:1      | Gained mutation: Your flesh is heat resistant. (rF+) [demonic ancestry]
    61 | D:1      | Reached XP level 2. HP: 24/24 MP: 2/2
    81 | D:1      | Reached skill level 3 in Maces & Flails
   609 | D:2      | Reached XP level 3. HP: 25/29 MP: 3/3
  1219 | D:2      | Found a stormy altar of Qazlal.
  1227 | D:2      | Became a worshipper of Qazlal Stormbringer
  1227 | D:2      | Reached * piety under Qazlal
  1227 | D:2      | Reached ** piety under Qazlal
  1545 | D:3      | Noticed Ijyb
  1574 | D:3      | Killed Ijyb
  1574 | D:3      | Gained mutation: You regenerate a little health from kills. [demonic ancestry]
  1574 | D:3      | Reached XP level 4. HP: 31/35 MP: 4/4
  1598 | D:3      | Noticed Grinder
  1600 | D:3      | Paralysed by Grinder for 7 turns
  1614 | D:3      | Paralysed by Grinder for 6 turns
  1646 | D:3      | Paralysed by Grinder for 4 turns
  1654 | D:3      | Killed Grinder
  1654 | D:3      | Reached skill level 4 in Maces & Flails
  1654 | D:3      | Reached skill level 1 in Armour
  1654 | D:3      | Gained mutation: You are immune to clouds of flame. [demonic ancestry]
  1654 | D:3      | Reached XP level 5. HP: 7/42 MP: 4/6
  1654 | D:3      | Reached XP level 6. HP: 8/48 MP: 4/7
  3159 | D:4      | Found a shattered altar of Ashenzari.
  3320 | D:4      | Found an opulent altar of Gozag.
  3419 | D:4      | Reached skill level 5 in Maces & Flails
  3763 | D:4      | Reached *** piety under Qazlal
  3763 | D:4      | Reached XP level 7. HP: 46/54 MP: 9/9
  4515 | D:5      | Entered Level 5 of the Dungeon
  4568 | D:5      | Slain by an orc priest

Skill      XL: |  1  2  3  4  5  6 |
---------------+-------------------+-----
Maces & Flails | 3 4 5 |  5.2
Dodging        | 3 |  3.5
Armour         | 1 2 |  2.8
Invocations    | 2 3 |  3.5
Fighting       | 4 |  4.0
Stealth        | |  1.7

Action                   |  1- 3 |  4- 6 |  7- 9 || total
-------------------------+-------+-------+-------++-------
Melee: Mace              |   116 |   227 |     7 ||   350
       Flail             |       |       |    66 ||    66
Invok: Upheaval          |       |     1 |       ||     1
  Use: Scroll            |     6 |     1 |       ||     7
       Potion            |     1 |     1 |     2 ||     4
 Stab: Sleeping          |    11 |       |       ||    11
  Eat: Ration            |     1 |     2 |       ||     3
       Chunk             |     1 |     1 |       ||     2
Armor: Robe              |    10 |       |       ||    10
       Scale mail        |    19 |   110 |    17 ||   146
Dodge: Dodged            |    83 |   142 |    19 ||   244
Block: Other             |     3 |    28 |     9 ||    40
